 Dungeon Sprint DCSS version 0.22-a0-110-g5b255cf (webtiles) character file.

46221 theanonym the Devastator (level 14, -4/92 HPs)
             Began as a Deep Elf Air Elementalist on Jan 27, 2018.
             Was the Champion of Vehumet.
             Hit by a large rock thrown by a stone giant (24 damage)
             ... in the Dungeon (Sprint IX: "|||||||||||||||||||||||||||||").
             The game lasted 00:28:30 (5628 turns).

theanonym the Devastator (DEAE)                     Turns: 5628, Time: 00:28:31

Health: -4/92      AC:  9    Str:  5    XL:     14   Next: 4%
Magic:  1/37       EV: 20    Int: 26    God:    Vehumet [******]
Gold:   569        SH: 11    Dex: 15    Spells: 4/47 levels left

rFire    + . .     SeeInvis .   p - staff of energy
rCold    + . .     Gourm    .   c - +0 shield {reflect} {Donald}
rNeg     . . .     Faith    .   s - +1 robe {rF+} {0}
rPois    .         Spirit   .   l - +0 helmet
rElec    .         Reflect  +   m - +0 cloak
rCorr    .         Harm     .   v - +0 pair of gloves
MR       +....     NoTele   +   y - +0 pair of boots
Stlth    ++........             (no amulet)
HPRegen  0.25/turn              o - +2 ring of protection
MPRegen  0.25/turn              H - ring of protection from cold {rC+}

@: no status effects
A: no striking features
a: Renounce Religion


   Skills:
 - Level 12.2 Fighting
 - Level 12.4 Dodging
 - Level 2.4 Stealth
 + Level 10.7 Shields
 - Level 17.0 Spellcasting
 - Level 17.9 Conjurations
 - Level 3.3 Translocations
 - Level 12.9 Fire Magic
 - Level 15.0 Air Magic
 - Level 6.1 Earth Magic
 - Level 10.2 Poison Magic
 - Level 13.1 Evocations


You had 4 spell levels left.
You knew the following spells:

 Your Spells              Type           Power        Failure   Level  Hunger
a - Iron Shot             Conj/Erth      ######....   1%          6    None
b - Poison Arrow          Conj/Pois      #######...   1%          6    None
d - Fire Storm            Conj/Fire      #######...   71%         9    None
e - Airstrike             Air            #######...   1%          4    None
f - Lightning Bolt        Conj/Air       #######...   1%          5    None
j - Ignition              Fire           ######....   30%         8    None
l - Blink                 Tloc           N/A          1%          2    None
s - Swiftness             Chrm/Air       ######..     1%          2    None
z - Shock                 Conj/Air       ####         0%          1    None

Skill      XL: |  1  2  3  4  5  6  7  8  9 10 11 12 13 |
---------------+----------------------------------------+-----
Conjurations   | 2 4 7 8 9 11 12 13 14 15 17 | 17.9
Spellcasting   | 4 5 7 10 12 13 16 17 | 17.0
Air Magic      | 4 7 8 9 10 11 12 13 14 15 | 15.0
Fighting       | 2 4 6 7 8 10 11 12 | 12.2
Dodging        | 4 7 8 10 12 | 12.4
Evocations     | 3 6 9 10 12 13 | 13.1
Poison Magic   | 10 | 10.2
Shields        | 2 4 10 | 10.7
Translocations | 2 3 |  3.3
Earth Magic    | 5 6 |  6.1
Fire Magic     | 12 | 12.9
Stealth        | |  2.4

Action                   |  1- 3 |  4- 6 |  7- 9 | 10-12 | 13-15 || total
-------------------------+-------+-------+-------+-------+-------++-------
Melee: Unarmed           |       |       |       |     4 |       ||     4
       Staff             |       |       |       |       |     1 ||     1
 Cast: Shock             |    15 |    15 |     5 |     3 |       ||    38
       Lightning Bolt    |       |     2 |    16 |    64 |    37 ||   119
       Airstrike         |       |     2 |     6 |    17 |     7 ||    32
       Poison Arrow      |       |       |       |    24 |     2 ||    26
       Swiftness         |       |       |       |     2 |       ||     2
       Iron Shot         |       |       |       |     7 |     7 ||    14
       Blink             |       |       |       |     1 |     3 ||     4
Evoke: Staff of energy   |       |       |     9 |    64 |     9 ||    82
       Wand              |       |       |     3 |       |       ||     3
  Use: Potion            |     2 |     2 |     2 |    10 |     3 ||    19
       Scroll            |     1 |       |     2 |     7 |     1 ||    11
  Eat: Ration            |       |       |     1 |     2 |     1 ||     4
       Chunk             |       |       |       |     6 |     1 ||     7
Armor: Robe              |     1 |     4 |     2 |    15 |     2 ||    24
Dodge: Dodged            |     3 |    11 |    18 |    29 |    26 ||    87
Block: Buckler           |       |       |       |     4 |     4 ||     8
       Shield            |       |       |       |       |     1 ||     1

Inventory:

Armour
 a - a +0 robe {0}
 c - a +0 shield of reflection (worn) {Donald}
   (You took it off Donald in the Dungeon)
 l - a +0 helmet (worn)
   (You found it in the Dungeon)
 m - a +0 cloak (worn)
   (You found it in the Dungeon)
 s - a +1 robe of fire resistance (worn) {0}
   (You took it off an orc sorcerer in the Dungeon)
 v - a +0 pair of gloves (worn)
   (You found it in the Dungeon)
 x - a +0 pair of gloves
   (You found it in the Dungeon)
 y - a +0 pair of boots (worn)
   (You found it in the Dungeon)
 E - a +0 buckler
   (You bought it in a shop in the Dungeon)
 K - a +0 robe of magic resistance {MR+0}
   (You found it in the Dungeon)
 N - a +2 robe {0}
   (You took it off Erica in the Dungeon)
Magical Staves
 p - an uncursed staff of energy (weapon)
   (You found it in the Dungeon)
Jewellery
 n - a +3 ring of dexterity
   (You found it in the Dungeon)
 o - a +2 ring of protection (left hand)
   (You found it in the Dungeon)
 F - an uncursed ring of poison resistance {rPoisrPois}
   (You bought it in a shop in the Dungeon)
 H - a ring of protection from cold (right hand) {rC+}
   (You found it in the Dungeon)
 I - an uncursed ring of ice {rC+ rF-}
   (You found it in the Dungeon)
 J - an uncursed ring of protection from fire {rF+}
   (You found it in the Dungeon)
Wands
 b - a wand of polymorph (17)
   (You took it off Psyche in the Dungeon)
 k - a wand of iceblast (7)
   (You found it in the Dungeon)
Scrolls
 d - 2 scrolls of enchant armour
 g - 3 scrolls of amnesia
 r - 2 scrolls of identify
 t - 4 scrolls of remove curse
 D - a scroll of immolation
Potions
 h - a potion of berserk rage
 j - a potion of brilliance
 q - 6 potions of heal wounds
 w - 6 potions of curing
 A - a potion of agility
 B - a potion of invisibility
 C - 2 potions of resistance {rF+ rC+}
 L - a potion of mutation
Books
 i - a book of Air
 G - a book of Minor Magic
   (You bought it in a shop in the Dungeon)
Comestibles
 e - 7 rations You were in the Dungeon. You worshipped Vehumet. Vehumet was exalted by your worship. You were not hungry. You visited 1 branch You collected 1917 gold pieces. You spent 1348 gold pieces at shops.

Dungeon Overview and Level Annotations

Branches:
Dungeon (1/1)

Altars:
Cheibriados
Dithmenos
Elyvilon
Fedhas
Gozag
Hepliaklqana
Kikubaaqudgha
Makhleb
Nemelex Xobeh
Okawaru
Qazlal
Ru
Sif Muna
Trog
Uskayaw
Vehumet
Wu Jian
Xom
Yredelemnul
Zin
The Shining One
Beogh
Jiyva
Lugonu

Shops:
D

:*!:
)(.....([[[.[[[.))))))))....='...
▓▓▓▓▓▓▓▓▓▓▓▓▓▓▓▓▓▓▓▓▓▓▓▓▓▓▓▓▓▓▓▓▓
........)........................
▓▓▓▓▓▓▓▓▓▓▓▓▓▓♣♣♣♣♣♣♣♣♣♣▓▓▓▓▓▓▓▓▓
..†'.........'.......).'[........
▓▓▓▓▓▓▓▓▓▓▓▓▓▓♣♣♣♣♣♣♣♣♣♣▓▓▓▓▓▓▓▓▓
......)......................)...
▓▓▓▓▓▓▓▓▓▓▓▓▓▓▓▓▓▓▓▓▓▓▓▓▓▓▓▓▓▓▓▓▓
CC....)@).[†i§..........
▓▓▓▓▓▓▓▓▓▓▓▓▓▓▓▓▓▓▓▓▓▓▓▓


You could see a stone giant, an ettin and a spriggan air mage.

Notes
Turn   | Place    | Note
-------+----------+-------------------------------------------
     0 | D        | theanonym the Deep Elf Air Elementalist began the quest for the Orb.
     0 | D        | Reached XP level 1. HP: 10/10 MP: 6/6
     2 | D        | Banished a spatial maelstrom
     5 | D        | Reached skill level 2 in Conjurations
     5 | D        | HP: 5/10 [dart slug/slug dart (5)]
     6 | D        | Reached skill level 4 in Spellcasting
   109 | D        | Noticed a phantom
   109 | D        | Noticed a phantom
   109 | D        | Noticed a crimson imp
   112 | D        | HP: 2/10 [crimson imp (4)]
   121 | D        | Reached XP level 2. HP: 3/15 MP: 6/9
   122 | D        | Killed a crimson imp
   122 | D        | Reached skill level 5 in Spellcasting
   122 | D        | Reached skill level 4 in Conjurations
   122 | D        | Reached skill level 4 in Air Magic
   122 | D        | Reached XP level 3. HP: 4/19 MP: 6/12
   125 | D        | Killed a phantom
   125 | D        | Reached skill level 7 in Conjurations
   125 | D        | Reached skill level 7 in Air Magic
   125 | D        | Reached XP level 4. HP: 6/24 MP: 3/13
   132 | D        | Killed a phantom
   132 | D        | Reached skill level 8 in Conjurations
   132 | D        | Reached skill level 8 in Air Magic
   132 | D        | Reached XP level 5. HP: 7/28 MP: 12/15
   139 | D        | Learned a level 5 spell: Lightning Bolt
   144 | D        | Learned a level 4 spell: Airstrike
   368 | D        | Found a roughly hewn altar of Beogh.
   368 | D        | Found a snail-covered altar of Cheibriados.
   368 | D        | Found a shadowy altar of Dithmenos.
   368 | D        | Found a white marble altar of Elyvilon.
   368 | D        | Found a blossoming altar of Fedhas.
   368 | D        | Found an opulent altar of Gozag.
   369 | D        | Found a hazy altar of Hepliaklqana.
   370 | D        | Found a viscous altar of Jiyva.
   371 | D        | Found an ancient bone altar of Kikubaaqudgha.
   372 | D        | Found a corrupted altar of Lugonu.
   373 | D        | Found a burning altar of Makhleb.
   374 | D        | Found a sparkling altar of Nemelex Xobeh.
   375 | D        | Found an iron altar of Okawaru.
   376 | D        | Found a stormy altar of Qazlal.
   377 | D        | Found a sacrificial altar of Ru.
   378 | D        | Found a deep blue altar of Sif Muna.
   379 | D        | Found a bloodstained altar of Trog.
   380 | D        | Found a hide-covered altar of Uskayaw.
   381 | D        | Found a radiant altar of Vehumet.
   382 | D        | Found an ornate altar of the Wu Jian Council.
   383 | D        | Found a shimmering altar of Xom.
   384 | D        | Found a basalt altar of Yredelemnul.
   385 | D        | Found a glowing silver altar of Zin.
   386 | D        | Found a glowing golden altar of the Shining One.
   389 | D        | Became a worshipper of Vehumet
   447 | D        | Noticed a sky beast
   447 | D        | Noticed a yak
   447 | D        | Noticed a centaur
   449 | D        | Killed a centaur
   449 | D        | Reached skill level 9 in Conjurations
   449 | D        | Reached skill level 9 in Air Magic
   449 | D        | Reached XP level 6. HP: 24/32 MP: 5/16
   449 | D        | Killed a yak
   449 | D        | Reached skill level 10 in Conjurations
   449 | D        | Reached skill level 10 in Air Magic
   449 | D        | Reached * piety under Vehumet
   449 | D        | Offered knowledge of Flame Tongue by Vehumet.
   461 | D        | Reached skill level 1 in Fighting
   461 | D        | Reached skill level 3 in Dodging
   463 | D        | HP: 17/34 [sky beast (5)]
   464 | D        | Killed a sky beast
   464 | D        | Reached ** piety under Vehumet
   464 | D        | Reached skill level 2 in Fighting
   464 | D        | Reached skill level 4 in Dodging
   464 | D        | Reached skill level 11 in Conjurations
   464 | D        | Reached XP level 7. HP: 20/40 MP: 3/17
   615 | D        | Noticed a slime creature
   615 | D        | Noticed a wraith
   615 | D        | Noticed a tengu warrior
   616 | D        | Offered knowledge of Sting by Vehumet.
   618 | D        | Killed a wraith
   618 | D        | Reached *** piety under Vehumet
   618 | D        | Reached skill level 3 in Fighting
   618 | D        | Reached skill level 5 in Dodging
   618 | D        | Reached skill level 11 in Air Magic
   641 | D        | HP: 12/41 [tengu warrior/enchanted dire flail (11)]
   644 | D        | Killed a tengu warrior
   644 | D        | Reached skill level 4 in Fighting
   644 | D        | Reached skill level 7 in Dodging
   644 | D        | Reached skill level 12 in Conjurations
   644 | D        | Reached XP level 8. HP: 15/48 MP: 10/18
   885 | D        | Killed a slime creature
   885 | D        | Offered knowledge of Mephitic Cloud by Vehumet.
   885 | D        | Reached skill level 5 in Fighting
   885 | D        | Reached skill level 8 in Dodging
  1124 | D        | Noticed a spiny frog
  1124 | D        | Noticed a hippogriff
  1125 | D        | Offered knowledge of Sticky Flame by Vehumet.
  1125 | D        | Reached skill level 6 in Spellcasting
  1125 | D        | Reached skill level 12 in Air Magic
  1125 | D        | Reached skill level 1 in Evocations
  1125 | D        | Reached **** piety under Vehumet
  1125 | D        | Reached skill level 2 in Evocations
  1127 | D        | Noticed a catoblepas
  1127 | D        | Killed a spiny frog
  1127 | D        | Reached skill level 6 in Fighting
  1127 | D        | Reached skill level 7 in Spellcasting
  1127 | D        | Reached skill level 13 in Conjurations
  1127 | D        | Reached skill level 3 in Evocations
  1127 | D        | Reached XP level 9. HP: 55/55 MP: 10/22
  1135 | D        | Reached skill level 8 in Spellcasting
  1135 | D        | Reached skill level 4 in Evocations
  1168 | D        | Reached ***** piety under Vehumet
  1169 | D        | Killed a catoblepas
  1169 | D        | Reached skill level 7 in Fighting
  1169 | D        | Reached skill level 9 in Spellcasting
  1169 | D        | Reached skill level 5 in Evocations
  1273 | D        | Noticed an eight-headed hydra
  1273 | D        | Noticed a spiny frog
  1273 | D        | Noticed a lindwurm
  1273 | D        | Noticed a black mamba
  1274 | D        | Offered knowledge of Dazzling Spray by Vehumet.
  1275 | D        | Reached skill level 13 in Air Magic
  1275 | D        | Killed a spiny frog
  1275 | D        | Reached skill level 6 in Evocations
  1276 | D        | Noticed a black mamba
  1276 | D        | Killed a black mamba
  1276 | D        | Reached skill level 10 in Spellcasting
  1276 | D        | Reached XP level 10. HP: 49/63 MP: 11/26
  1276 | D        | HP: 16/63 [lindwurm/blast of flame (33)]
  1576 | D        | Killed a black mamba
  1576 | D        | Offered knowledge of Ozocubu's Refrigeration by Vehumet.
  1576 | D        | Reached skill level 9 in Dodging
  1576 | D        | Reached skill level 14 in Conjurations
  1577 | D        | Killed a lindwurm
  1577 | D        | Reached skill level 7 in Evocations
  1580 | D        | Killed an eight-headed hydra
  1580 | D        | Reached skill level 8 in Fighting
  1712 | D        | Reached skill level 10 in Dodging
  1712 | D        | Reached skill level 11 in Spellcasting
  1716 | D        | Learned a level 2 spell: Swiftness
  1739 | D        | Reached skill level 8 in Evocations
  1740 | D        | Reached ****** piety under Vehumet
  1740 | D        | Offered knowledge of Conjure Ball Lightning by Vehumet.
  1904 | D        | Noticed Erica
  1907 | D        | Killed Erica
  1907 | D        | Reached skill level 12 in Spellcasting
  1907 | D        | Reached skill level 14 in Air Magic
  1907 | D        | Reached skill level 9 in Evocations
  1992 | D        | Reached XP level 11. HP: 69/69 MP: 29/29
  1998 | D        | Reached skill level 15 in Conjurations
  1998 | D        | Offered knowledge of Yara's Violent Unravelling by Vehumet.
  2084 | D        | Noticed an orc sorcerer
  2084 | D        | Noticed an orc knight
  2086 | D        | Reached skill level 9 in Fighting
  2088 | D        | Killed an orc sorcerer
  2091 | D        | Killed an orc knight
  2092 | D        | Noticed an orc knight
  2135 | D        | HP: 30/71 [orc knight/long sword (22)]
  2370 | D        | Killed an orc knight
  2370 | D        | Reached skill level 10 in Evocations
  2419 | D        | Reached skill level 13 in Spellcasting
  2513 | D        | Noticed an orc sorcerer
  2516 | D        | Killed an orc sorcerer
  2516 | D        | Offered knowledge of Poison Arrow by Vehumet.
  2543 | D        | Learned a level 6 spell: Poison Arrow
  2554 | D        | Found Mabo's Book Boutique.
  2554 | D        | Noticed an orc knight
  2555 | D        | Reached skill level 1 in Poison Magic
  2556 | D        | Noticed an orc knight
  2556 | D        | Reached skill level 2 in Poison Magic
  2556 | D        | Reached skill level 3 in Poison Magic
  2557 | D        | Killed an orc knight
  2557 | D        | Reached skill level 5 in Poison Magic
  2560 | D        | Killed an orc knight
  2560 | D        | Reached skill level 6 in Poison Magic
  2600 | D        | Noticed an orc knight
  2601 | D        | Reached skill level 7 in Poison Magic
  2601 | D        | Offered knowledge of Iron Shot by Vehumet.
  2602 | D        | Noticed an orc knight
  2603 | D        | Killed an orc knight
  2603 | D        | Reached skill level 8 in Poison Magic
  2604 | D        | Noticed an orc knight
  2638 | D        | Killed an orc knight
  2638 | D        | Reached skill level 9 in Poison Magic
  2681 | D        | Killed an orc knight
  2681 | D        | Reached skill level 10 in Poison Magic
  2798 | D        | Noticed an orc knight
  2801 | D        | Killed an orc knight
  2829 | D        | Noticed an orc knight
  2840 | D        | Killed an orc knight
  2880 | D        | Found Moegen's Distillery.
  2884 | D        | Found Elah Aqa's Assorted Antiques.
  2888 | D        | Found Kuwn's Book Shop.
  2894 | D        | Bought a potion of magic for 104 gold pieces
  2894 | D        | Bought a potion of heal wounds for 65 gold pieces
  2894 | D        | Bought 2 potions of agility for 104 gold pieces
  2894 | D        | Bought a potion of invisibility for 104 gold pieces
  2894 | D        | Bought a potion of agility for 52 gold pieces
  2894 | D        | Bought 2 potions of resistance for 260 gold pieces
  2894 | D        | Bought a potion of brilliance for 52 gold pieces
  2894 | D        | Bought a potion of brilliance for 52 gold pieces
  2896 | D        | Bought a scroll labeled ZUIDAUNWURCH for 22 gold pieces
  2896 | D        | Bought a scroll of identify for 44 gold pieces
  2896 | D        | Bought a buckler for 99 gold pieces
  2896 | D        | Bought a garnet ring for 110 gold pieces
  2904 | D        | Bought a book of Minor Magic for 280 gold pieces
  2911 | D        | Learned a level 6 spell: Iron Shot
  2914 | D        | Learned a level 2 spell: Blink
  3101 | D        | Noticed an eight-headed hydra
  3102 | D        | Noticed a catoblepas
  3102 | D        | Killed an unseen horror
  3102 | D        | Reached skill level 1 in Shields
  3102 | D        | Reached skill level 1 in Translocations
  3103 | D        | Killed an eight-headed hydra
  3103 | D        | Reached skill level 2 in Shields
  3104 | D        | Reached skill level 10 in Fighting
  3104 | D        | Reached skill level 2 in Translocations
  3104 | D        | Reached XP level 12. HP: 77/77 MP: 26/31
  3104 | D        | Killed a catoblepas
  3104 | D        | Offered knowledge of Freezing Cloud by Vehumet.
  3104 | D        | Reached skill level 3 in Shields
  3106 | D        | Noticed a great orb of eyes
  3108 | D        | Noticed a stone giant
  3109 | D        | Killed a great orb of eyes
  3109 | D        | Reached skill level 11 in Dodging
  3109 | D        | Reached skill level 16 in Conjurations
  3109 | D        | Reached skill level 3 in Translocations
  3109 | D        | Reached skill level 15 in Air Magic
  3109 | D        | HP: 20/77 [stone giant/large rock (43)]
  3111 | D        | Killed a stone giant
  3111 | D        | Reached skill level 4 in Shields
  3111 | D        | Reached skill level 14 in Spellcasting
  3149 | D        | Noticed a stone giant
  3163 | D        | Killed a stone giant
  3168 | D        | Noticed a yaktaur captain
  3168 | D        | HP: 28/79 [yaktaur captain/bolt (6)]
  3169 | D        | Killed a yaktaur captain
  3169 | D        | Reached skill level 12 in Dodging
  3449 | D        | Offered knowledge of Bolt of Cold by Vehumet.
  3452 | D        | Noticed Kirke
  3493 | D        | Noticed a sphinx
  3502 | D        | Paralysed by a sphinx for 4 turns
  3506 | D        | HP: 39/79 [sphinx[Kirke] (8)]
  3507 | D        | HP: 18/79 [sphinx[Kirke] (4)]
  3508 | D        | Paralysed by a sphinx for 3 turns
  3516 | D        | HP: 8/118 [Kirke (15)]
  3517 | D        | Killed Kirke
  3517 | D        | Reached skill level 15 in Spellcasting
  3517 | D        | Reached skill level 2 in Earth Magic
  3517 | D        | Reached skill level 11 in Evocations
  3878 | D        | Noticed Aizul
  3887 | D        | HP: 17/79 [Aizul (26)]
  3892 | D        | HP: 12/79 [poisoned by Aizul (bolt of poison)]
  3897 | D        | HP: 28/79 [poisoned by Aizul (bolt of poison)]
  3903 | D        | HP: 25/79 [poisoned by Aizul (bolt of poison)]
  3910 | D        | HP: 24/79 [poisoned by Aizul (bolt of poison)]
  3917 | D        | HP: 23/79 [poisoned by Aizul (bolt of poison)]
  3925 | D        | HP: 23/79 [poisoned by Aizul (bolt of poison)]
  4212 | D        | HP: 31/79 [Aizul (17)]
  4214 | D        | HP: 13/79 [Aizul (18)]
  4217 | D        | Killed Aizul
  4217 | D        | Reached skill level 11 in Fighting
  4217 | D        | Reached skill level 3 in Earth Magic
  4219 | D        | HP: 11/80 [poisoned by Aizul (bolt of poison)]
  4224 | D        | HP: 10/80 [poisoned by Aizul (bolt of poison)]
  4231 | D        | HP: 10/80 [poisoned by Aizul (bolt of poison)]
  4239 | D        | HP: 10/80 [poisoned by Aizul (bolt of poison)]
  4607 | D        | Noticed Psyche
  4609 | D        | Killed Psyche
  4662 | D        | Noticed a four-headed hydra
  4662 | D        | Noticed an eight-headed hydra
  4666 | D        | Reached skill level 4 in Earth Magic
  4666 | D        | Killed an eight-headed hydra
  4666 | D        | Reached skill level 17 in Conjurations
  4667 | D        | Offered knowledge of Fire Storm by Vehumet.
  4667 | D        | Offered knowledge of Chain Lightning by Vehumet.
  4667 | D        | Offered knowledge of Ignition by Vehumet.
  4669 | D        | Killed a four-headed hydra
  4669 | D        | Reached skill level 5 in Earth Magic
  4669 | D        | Reached skill level 12 in Evocations
  4786 | D        | Reached skill level 16 in Spellcasting
  4786 | D        | Reached XP level 13. HP: 84/84 MP: 29/35
  4935 | D        | Reached skill level 6 in Earth Magic
  5234 | D        | Reached skill level 12 in Fighting
  5236 | D        | Reached skill level 13 in Evocations
  5237 | D        | Reached skill level 17 in Spellcasting
  5386 | D        | Learned a level 8 spell: Ignition
  5396 | D        | Learned a level 9 spell: Fire Storm
  5407 | D        | Reached skill level 3 in Fire Magic
  5407 | D        | Reached skill level 4 in Fire Magic
  5408 | D        | Reached skill level 5 in Fire Magic
  5410 | D        | Reached skill level 6 in Fire Magic
  5411 | D        | Reached skill level 7 in Fire Magic
  5412 | D        | Reached skill level 8 in Fire Magic
  5412 | D        | Reached skill level 9 in Fire Magic
  5413 | D        | Reached skill level 10 in Fire Magic
  5465 | D        | Noticed Frances
  5467 | D        | Killed Frances
  5467 | D        | Reached skill level 11 in Fire Magic
  5505 | D        | Noticed Donald
  5510 | D        | Killed Donald
  5510 | D        | Reached skill level 12 in Fire Magic
  5611 | D        | Noticed an ettin
  5611 | D        | Noticed a stone giant
  5611 | D        | Noticed a green very ugly thing
  5613 | D        | Reached skill level 5 in Shields
  5613 | D        | Reached skill level 6 in Shields
  5613 | D        | Killed an ettin
  5613 | D        | Reached skill level 7 in Shields
  5614 | D        | Noticed a purple very ugly thing
  5614 | D        | Killed a green very ugly thing
  5614 | D        | Reached skill level 8 in Shields
  5614 | D        | Killed a stone giant
  5614 | D        | Reached skill level 9 in Shields
  5619 | D        | Killed a purple very ugly thing
  5620 | D        | Reached skill level 10 in Shields
  5620 | D        | Reached XP level 14. HP: 78/92 MP: 12/37
  5626 | D        | HP: 28/92 [spriggan air mage/bolt of lightning (27)]
  5628 | D        | Noticed a stone giant
  5628 | D        | Hit by a large rock thrown by a stone giant

Vanquished Creatures
  Frances (D)
  Donald (D)
  Kirke (D)
  Aizul (D)
  3 stone giants (D)
  2 very ugly things (D)
  An ettin (D)
  An ice dragon (D)
  A great orb of eyes (D)
  2 yaktaur captains (D)
  2 naga warriors (D)
  2 catoblepae (D)
  4 hydras (D)
  Erica (D)
  An alligator (D)
  An ogre mage (D)
  A deep troll shaman (D)
  A tengu warrior (D)
  2 naga sharpshooters (D)
  A sea snake (D)
  An unseen horror (D)
  A spriggan druid (D)
  A lindwurm (D)
  A swamp dragon (D)
  A glowing orange brain (D)
  A harpy (D)
  9 orc knights (D)
  A wolf spider (D)
  An ugly thing (D)
  2 orc sorcerers (D)
  An orb spider (D)
  6 black mambas (D)
  2 merfolk sirens (D)
  A naga mage (D)
  Psyche (D)
  2 spiny frogs (D)
  A yaktaur (shapeshifter) (D)
  A komodo dragon (D)
  3 demonic crawlers (D)
  2 yaktaurs (D)
  2 jumping spiders (D)
  3 polar bears (D)
  A wind drake (D)
  A merfolk (D)
  2 tyrant leeches (D)
  A dream sheep (shapeshifter) (D)
  2 slime creatures (D)
  A hippogriff (D)
  2 redbacks (D)
  A shadow (D)
  A snapping turtle (D)
  A wyvern (D)
  2 yaks (D)
  A wraith (D)
  2 hogs (D)
  An insubstantial wisp (D)
  2 porcupines (D)
  2 water moccasins (D)
  A floating eye (D)
  14 orc warriors (D)
  A sky beast (D)
  5 black bears (D)
  2 phantoms (D)
  A centaur (D)
  3 bullfrogs (D)
  2 crimson imps (D)
  A hound (D)
  5 orc priests (D)
  3 orc wizards (D)
  A hell rat (D)
  A shadow imp (D)
  An adder zombie (D)
  A dart slug (D)
  7 orcs (D)
  2 bat skeletons (D)
  A goblin (D)
  A quokka (D)
  2 frilled lizards (D)
  A jackal zombie (D)
  A rat (D)
154 creatures vanquished.

Vanquished Creatures (others)
  A spatial maelstrom (D)
  A hippogriff (D)
  4 humans (D)
6 creatures vanquished.

Grand Total: 160 creatures vanquished

Table legend:
 A = Turns spent in this place as a percentage of turns spent in the entire game.
 B = Non-inter-level travel turns spent in this place as a percentage of non-inter-level travel turns spent in the entire game.
 C = Inter-level travel turns spent in this place as a percentage of turns spent in this place.
 D = Turns resting spent in this place as a percentage of non-inter-level travel turns spent in this place.
 E = Turns spent auto-exploring this place as a percentage of non-inter-level travel turns spent in this place.
 F = Non-inter-level travel turns spent in this place divided by the number of levels of this place that you've seen.
                   A       B       C       D       E      F
               +-------+-------+-------+-------+-------+----------------------
         Total | 100.0 | 100.0 |   0.0 |  61.3 |  12.8 | 5628.0
       Dungeon | 100.0 | 100.0 |   0.0 |  61.3 |  12.8 | 5628.0
               +-------+-------+-------+-------+-------+----------------------
